PAAA
TORTOLITA DRUMMERS @ BANGOR TRIDENT BASE OGRES
07/31/2024
 
TOP OF THE 1ST
Tortolita Drummers batting - Pitching for Bangor Trident Base Ogres : RHP Manuel Delgado
Pitching: RHP Manuel Delgado
Batting: SHB Mauro López 0-0: Ball
1-0: Swinging Strike
1-1: Ball
2-1: Swinging Strike
2-2: Strikes out swinging
Batting: RHB Bill Taylor 0-0: Ball
1-0: Ball
2-0: Fly out, F8 (Flyball, 8RM)
Batting: LHB Pat McJannett 0-0: Hit by Pitch
Batting: LHB Pedro Willis 0-0: Ball
1-0: Foul Ball, location: 2F
1-1: Foul Ball, location: 2F
1-2: Ball
2-2: Fly out, F7 (Flyball, 78M)
Top of the 1st over - 0 run(s), 0 hit(s), 0 error(s), 1 left on base; Tortolita 0 - Bangor Trident Base 0
BOTTOM OF THE 1ST
Bangor Trident Base Ogres batting - Pitching for Tortolita Drummers : RHP Michael Logan
Pitching: RHP Michael Logan
Batting: SHB Will Brock 0-0: Foul Ball, location: 2F
0-1: Ball
1-1: Ball
2-1: Called Strike
2-2: Ball
3-2: Foul Ball, location: 2F
3-2: Base on Balls
Batting: RHB Gerardo Castillo 0-0: Called Strike
0-1: Ball
Pickoff Throw to First - Out!
1-1: Called Strike
1-2: Strikes out swinging
Batting: LHB Ned Durand 0-0: Foul Ball, location: 2F
0-1: Ball
1-1: SOLO HOME RUN (Flyball, 9LD), Distance : 361 ft
Batting: LHB Kent Roberts 0-0: Called Strike
0-1: Ball
1-1: Ball
2-1: Ball
3-1: Base on Balls
Batting: RHB Matías Torrella 0-0: Called Strike
0-1: Ball
1-1: Ball
2-1: Called Strike
2-2: Ball
3-2: Foul Ball, location: 2F
3-2: Foul Ball, location: 2F
3-2: Foul Ball, location: 2F
3-2: Foul Ball, location: 2F
Pickoff Throw to First - Out!
Bottom of the 1st over - 1 run(s), 1 hit(s), 0 error(s), 0 left on base; Tortolita 0 - Bangor Trident Base 1
TOP OF THE 2ND
Tortolita Drummers batting - Pitching for Bangor Trident Base Ogres : RHP Manuel Delgado
Batting: RHB Jorge Rosa 0-0: Called Strike
0-1: Ground out 5-3 (Groundball, 5)
Batting: RHB Stephen Blair 0-0: Ball
1-0: Foul Ball, location: 2F
1-1: Called Strike
1-2: Foul Ball, location: 2F
1-2: Strikes out swinging
Batting: LHB Bill Burgess 0-0: Ball
1-0: Ground out 6-3 (Groundball, 6M)
Top of the 2nd over - 0 run(s), 0 hit(s), 0 error(s), 0 left on base; Tortolita 0 - Bangor Trident Base 1
BOTTOM OF THE 2ND
Bangor Trident Base Ogres batting - Pitching for Tortolita Drummers : RHP Michael Logan
Batting: RHB Matías Torrella 0-0: Called Strike
0-1: Ball
1-1: Foul Ball, location: 2F
1-2: Foul Ball, location: 2F
1-2: Strikes out swinging
Batting: RHB Hubert Dodson 0-0: Ball
1-0: Ball
2-0: DOUBLE (Line Drive, 78XD)
Batting: RHB Tom Baker 0-0: Called Strike
0-1: Fly out, F7 (Flyball, 78S)
Batting: SHB Juan Ortega 0-0: Foul Ball, location: 2F
0-1: Foul Ball, location: 2F
0-2: SINGLE (Line Drive, 56)
Hubert Dodson to third
Batting: SHB Bill Becker 0-0: Called Strike
0-1: Ball
1-1: Ball
2-1: Ball
3-1: Called Strike
3-2: Fly out, F8 (Flyball, 8LXD)
Bottom of the 2nd over - 0 run(s), 2 hit(s), 0 error(s), 2 left on base; Tortolita 0 - Bangor Trident Base 1
TOP OF THE 3RD
Tortolita Drummers batting - Pitching for Bangor Trident Base Ogres : RHP Manuel Delgado
Batting: RHB Robby Thomas 0-0: Ball
1-0: Called Strike
1-1: Ball
2-1: Swinging Strike
2-2: Strikes out looking
Batting: RHB Kevin Sanderson 0-0: Foul Ball, location: 2F
0-1: Called Strike
0-2: Ball
1-2: Ball
2-2: Fly out, F9 (Flyball, 89D)
Batting: SHB Mauro López 0-0: Ground out 4-3 (Groundball, 4)
Top of the 3rd over - 0 run(s), 0 hit(s), 0 error(s), 0 left on base; Tortolita 0 - Bangor Trident Base 1
BOTTOM OF THE 3RD
Bangor Trident Base Ogres batting - Pitching for Tortolita Drummers : RHP Michael Logan
Batting: SHB Will Brock 0-0: Ball
1-0: Ball
2-0: Swinging Strike
2-1: Called Strike
2-2: Strikes out swinging
Batting: RHB Gerardo Castillo 0-0: Foul Ball, location: 2F
0-1: Fly out, F8 (Flyball, 8LM)
Batting: LHB Ned Durand 0-0: Ball
1-0: Fly out, F9 (Line Drive, 9M)
Bottom of the 3rd over - 0 run(s), 0 hit(s), 0 error(s), 0 left on base; Tortolita 0 - Bangor Trident Base 1
TOP OF THE 4TH
Tortolita Drummers batting - Pitching for Bangor Trident Base Ogres : RHP Manuel Delgado
Batting: RHB Bill Taylor 0-0: Ground out 6-3 (Groundball, 6)
Batting: LHB Pat McJannett 0-0: Foul Ball, location: 2F
0-1: Foul Ball, location: 2F
0-2: Strikes out swinging
Batting: LHB Pedro Willis 0-0: Ball
1-0: Ball
2-0: Foul Ball, location: 2F
2-1: Ball
3-1: Foul Ball, location: 2F
3-2: Base on Balls
Batting: RHB Jorge Rosa 0-0: Swinging Strike
0-1: Ground out 6-3 (Groundball, 6)
Top of the 4th over - 0 run(s), 0 hit(s), 0 error(s), 1 left on base; Tortolita 0 - Bangor Trident Base 1
BOTTOM OF THE 4TH
Bangor Trident Base Ogres batting - Pitching for Tortolita Drummers : RHP Michael Logan
Batting: LHB Kent Roberts 0-0: Ball
1-0: Called Strike
1-1: Swinging Strike
1-2: Strikes out swinging
Batting: RHB Matías Torrella 0-0: Ground out 5-3 (Groundball, 5)
Batting: RHB Hubert Dodson 0-0: Foul Ball, location: 2F
0-1: Swinging Strike
0-2: Ground out 6-3 (Groundball, 6)
Bottom of the 4th over - 0 run(s), 0 hit(s), 0 error(s), 0 left on base; Tortolita 0 - Bangor Trident Base 1
TOP OF THE 5TH
Tortolita Drummers batting - Pitching for Bangor Trident Base Ogres : RHP Manuel Delgado
Batting: RHB Stephen Blair 0-0: Ball
1-0: Called Strike
1-1: SINGLE (Line Drive, 8LS)
Batting: LHB Bill Burgess 0-0: Ball
1-0: Reached on error, E1 (Groundball, 23)
Stephen Blair to second
Batting: RHB Robby Thomas 0-0: Called Strike
0-1: Bunted foul
0-2: Grounds into double play, 1-6-3 (Groundball, 15)
Stephen Blair to third
Batting: RHB Kevin Sanderson 0-0: Called Strike
0-1: Ball
1-1: Ball
2-1: Ball
3-1: Base on Balls
Batting: SHB Mauro López 0-0: Swinging Strike
0-1: Ball
1-1: Ball
2-1: SINGLE (Line Drive, 7LM)
Stephen Blair scores
Kevin Sanderson to second
Batting: RHB Bill Taylor 0-0: Ground out 2-3 (Groundball, 13S)
Top of the 5th over - 1 run(s), 2 hit(s), 1 error(s), 2 left on base; Tortolita 1 - Bangor Trident Base 1
BOTTOM OF THE 5TH
Bangor Trident Base Ogres batting - Pitching for Tortolita Drummers : RHP Michael Logan
Batting: RHB Tom Baker 0-0: Ball
1-0: DOUBLE (Flyball, 9LM) - OUT at third base trying to stretch hit.
Batting: SHB Juan Ortega 0-0: Called Strike
0-1: Swinging Strike
0-2: Ball
1-2: Ball
2-2: Foul Ball, location: 2F
2-2: Foul Ball, location: 2F
2-2: Foul Ball, location: 2F
2-2: Strikes out looking
Batting: SHB Bill Becker 0-0: Foul Ball, location: 2F
0-1: Fly out, F5 (Popup, 5L)
Bottom of the 5th over - 0 run(s), 1 hit(s), 0 error(s), 0 left on base; Tortolita 1 - Bangor Trident Base 1
TOP OF THE 6TH
Tortolita Drummers batting - Pitching for Bangor Trident Base Ogres : RHP Manuel Delgado
Batting: LHB Pat McJannett 0-0: Ball
1-0: Ball
2-0: Fly out, F7 (Flyball, 78D)
Batting: LHB Pedro Willis 0-0: Ball
1-0: Ball
2-0: Called Strike
2-1: Ball
3-1: Base on Balls
Batting: RHB Jorge Rosa 0-0: Ball
1-0: Foul Ball, location: 2F
1-1: Foul Ball, location: 2F
1-2: Ball
2-2: Foul Ball, location: 2F
2-2: Fly out, F7 (Line Drive, 78D)
Batting: RHB Stephen Blair 0-0: Ground out 6-3 (Groundball, 6)
Top of the 6th over - 0 run(s), 0 hit(s), 0 error(s), 1 left on base; Tortolita 1 - Bangor Trident Base 1
BOTTOM OF THE 6TH
Bangor Trident Base Ogres batting - Pitching for Tortolita Drummers : RHP Michael Logan
Batting: SHB Will Brock 0-0: Ball
1-0: Called Strike
1-1: Ground out 4-3 (Groundball, 4)
Pitching: RHP Artie Chávez
Batting: RHB Gerardo Castillo 0-0: Foul Ball, location: 2F
0-1: Ball
1-1: Fly out, F2 (Popup, 2LF)
Batting: LHB Ned Durand 0-0: Called Strike
0-1: Ball
1-1: Foul Ball, location: 2F
1-2: Ball
2-2: Ball
3-2: Base on Balls
Batting: LHB Kent Roberts 0-0: Ball
1-0: Ground out 1-3 (Groundball, 25)
Bottom of the 6th over - 0 run(s), 0 hit(s), 0 error(s), 1 left on base; Tortolita 1 - Bangor Trident Base 1
TOP OF THE 7TH
Tortolita Drummers batting - Pitching for Bangor Trident Base Ogres : RHP Manuel Delgado
Batting: LHB Bill Burgess 0-0: Called Strike
0-1: Ball
1-1: Swinging Strike
1-2: Strikes out swinging
Batting: RHB Robby Thomas 0-0: Called Strike
0-1: Called Strike
0-2: Ball
1-2: Foul Ball, location: 2F
1-2: Hit by Pitch
Pinch Hitting: SHB Juan Blanco Pickoff Throw to First - Error! E1
Robby Thomas to second
0-0: Intentional Walk
Pinch Hitting: LHB Peter Paul 0-0: Ball
1-0: Swinging Strike
1-1: DOUBLE (Line Drive, 7LD)
Robby Thomas scores
Juan Blanco to third
Runner from 3rd tries for Home, SAFE, no throw or cutoff
Batting: RHB Bill Taylor 0-0: Ball
1-0: Ball
2-0: Ball
3-0: Base on Balls
Batting: LHB Pat McJannett 0-0: Foul Ball, location: 2F
0-1: Ball
1-1: Ball
Peter Paul steals 3rd base
Bill Taylor to second
2-1: Fly out, F7 (Popup, 6D)
Pitching: RHP Rubén Sánchez
Batting: LHB Pedro Willis 0-0: Swinging Strike
0-1: Ball
1-1: Ball
2-1: Foul Ball, location: 2F
2-2: Ball
3-2: Base on Balls
Batting: RHB Jorge Rosa 0-0: Called Strike
0-1: Ball
1-1: Called Strike
1-2: Foul Ball, location: 2F
1-2: Ball
2-2: Foul Ball, location: 2F
2-2: Foul Ball, location: 2F
2-2: SINGLE (Groundball, 56D)
Peter Paul scores
Bill Taylor to third
Pedro Willis to second
Runner from 3rd tries for Home, SAFE, no throw or cutoff
Batting: RHB Stephen Blair 0-0: Foul Ball, location: 2F
0-1: Ball
1-1: Ball
2-1: Foul Ball, location: 2F
2-2: Foul Ball, location: 2F
2-2: SINGLE (Groundball, 56D)
Pedro Willis to third
Jorge Rosa to second
Runner from 3rd tries for Home, SAFE, throw made at trailing runner, OUT at third!
Top of the 7th over - 5 run(s), 3 hit(s), 1 error(s), 1 left on base; Tortolita 6 - Bangor Trident Base 1
BOTTOM OF THE 7TH
Bangor Trident Base Ogres batting - Pitching for Tortolita Drummers : RHP Artie Chávez
Now at 1B: Peter Paul
Now in CF: Dan Godwin
Batting: RHB Matías Torrella 0-0: Called Strike
0-1: Foul Ball, location: 2F
0-2: Ground out 6-3 (Groundball, 6M)
Batting: RHB Hubert Dodson 0-0: Ball
1-0: SINGLE (Line Drive, 56D)
Batting: RHB Tom Baker 0-0: Ball
1-0: Fly out, F7 (Flyball, 7LM)
Batting: SHB Juan Ortega 0-0: Ball
1-0: Called Strike
1-1: Ball
2-1: Foul Ball, location: 2F
2-2: Foul Ball, location: 2F
2-2: Foul Ball, location: 2F
2-2: Fielders Choice at 2nd, U6 (Groundball, 6M)
Bottom of the 7th over - 0 run(s), 1 hit(s), 0 error(s), 1 left on base; Tortolita 6 - Bangor Trident Base 1
TOP OF THE 8TH
Tortolita Drummers batting - Pitching for Bangor Trident Base Ogres : RHP Rubén Sánchez
Batting: LHB Bill Burgess 0-0: Called Strike
0-1: Foul Ball, location: 2F
0-2: Ball
1-2: Foul Ball, location: 2F
1-2: Strikes out swinging
Batting: RHB Robby Thomas 0-0: Called Strike
0-1: DOUBLE (Line Drive, 7LS)
Batting: SHB Dan Godwin 0-0: Ball
1-0: Called Strike
1-1: Foul Ball, location: 2F
1-2: SINGLE (Groundball, 34D)
Robby Thomas to third
Runner from 3rd tries for Home, SAFE, throw made home
Batting: LHB Peter Paul 0-0: SINGLE (Groundball, 4MD)
Dan Godwin to second
Batting: RHB Bill Taylor 0-0: Ball
1-0: Called Strike
1-1: Foul Ball, location: 2F
1-2: Ground out 4-3 (Groundball, 4S)
Dan Godwin to third
Peter Paul to second
Batting: LHB Pat McJannett 0-0: Ball
1-0: Ball
2-0: Ball
3-0: Base on Balls
Batting: LHB Pedro Willis 0-0: Ball
1-0: Ball
2-0: Foul Ball, location: 2F
2-1: Ball
3-1: Base on Balls
Dan Godwin scores
Peter Paul to third
Pat McJannett to second
Batting: RHB Jorge Rosa 0-0: Foul Ball, location: 2F
0-1: Called Strike
0-2: Ball
1-2: Strikes out swinging
Top of the 8th over - 2 run(s), 3 hit(s), 0 error(s), 3 left on base; Tortolita 8 - Bangor Trident Base 1
BOTTOM OF THE 8TH
Bangor Trident Base Ogres batting - Pitching for Tortolita Drummers : RHP Artie Chávez
Batting: SHB Bill Becker 0-0: Called Strike
0-1: Called Strike
0-2: Fly out, F8 (Flyball, 8RXD)
Pitching: LHP Jeremy Petty
Batting: SHB Will Brock 0-0: Foul Ball, location: 2F
0-1: Called Strike
0-2: Ground out 6-3 (Groundball, 6)
Batting: RHB Gerardo Castillo 0-0: Ball
1-0: Foul Ball, location: 2F
1-1: SINGLE (Line Drive, 4MD)
Batting: LHB Ned Durand 0-0: Swinging Strike
0-1: Fly out, F8 (Flyball, 8LXD)
Bottom of the 8th over - 0 run(s), 1 hit(s), 0 error(s), 1 left on base; Tortolita 8 - Bangor Trident Base 1
TOP OF THE 9TH
Tortolita Drummers batting - Pitching for Bangor Trident Base Ogres : RHP Rubén Sánchez
Pitching: RHP Rubén Rodríguez
Batting: RHB Stephen Blair 0-0: Ball
1-0: Fly out, F9 (Line Drive, 89D)
Batting: LHB Bill Burgess 0-0: Ball
1-0: Fly out, F1 (Line Drive, 13)
Batting: RHB Robby Thomas 0-0: Swinging Strike
0-1: Ball
1-1: Ball
2-1: Foul Ball, location: 2F
2-2: Ball
3-2: Ground out 1-3 (Groundball, 13)
Top of the 9th over - 0 run(s), 0 hit(s), 0 error(s), 0 left on base; Tortolita 8 - Bangor Trident Base 1
BOTTOM OF THE 9TH
Bangor Trident Base Ogres batting - Pitching for Tortolita Drummers : LHP Jeremy Petty
Batting: LHB Kent Roberts 0-0: Called Strike
0-1: Ball
1-1: SINGLE (Flyball, 8RS)
Batting: RHB Matías Torrella 0-0: Foul Ball, location: 2F
0-1: Ball
1-1: Ball
2-1: Foul Ball, location: 2F
2-2: Ball
3-2: Foul Ball, location: 2F
3-2: Ground out 6-3 (Groundball, 6M)
Kent Roberts to second
Batting: RHB Hubert Dodson 0-0: Ball
1-0: Called Strike
1-1: SINGLE (Groundball, 5L)
Kent Roberts to third
Runner from 3rd tries for Home, SAFE, throw made home
Hubert Dodson to second
Batting: RHB Tom Baker 0-0: Ground out 6-3 (Groundball, 6)
Hubert Dodson to third
Batting: SHB Juan Ortega 0-0: SINGLE (Flyball, 9LS)
Hubert Dodson scores
Batting: SHB Bill Becker 0-0: Ball
1-0: Called Strike
1-1: Fielders Choice at 2nd, U6 (Groundball, 6M)
Bottom of the 9th over - 2 run(s), 3 hit(s), 0 error(s), 1 left on base; Tortolita 8 - Bangor Trident Base 3
This league is powered by Out of the Park Baseball, the baseball management simulation game for PC, Mac and Linux
Monday, October 3rd, 2016 - OOTP Baseball 16.9 Build 39